AoeStats
← TM Caesar

Migration

508278985Analyzed
1v1 RM · 12d ago on Sep 21, 2026· 30m 14s· 2 players
Game mode
Random Map
Map size
132×132
Population
200
Speed
Normal
Resources
Standard
Victory
Conquest
Starting age
Dark Age
Ending age
Imperial Age
RankedLock teamsTeams togetherTeam positionsShared explorationLock speedFull tech treeHidden civsTurbo modeCheats
Victory
Defeat
🇵🇱 Jurchens · Poland
1586
+19
🇦🇷 Burgundians · Argentina
1657
-19
Robin5hood
6:41 Loom
10:32 Feudal Age
10:33 Man-at-Arms
11:04 Double-Bit Axe
11:31 Arson
17:04 Fletching
23:00 Castle Age
24:13 Medium Warships
28:50 Ballistics
29:14 Bodkin Arrow
TM Caesar
5:31 Double-Bit Axe
11:50 Feudal Age
12:17 Loom
15:47 Castle Age
15:32 Town Watch
16:38 Scale Mail Armor
17:27 Squires
18:34 Bow Saw
18:48 Chain Mail Armor
21:56 Fishing Lines
22:53 Medium Warships
23:08 Fletching
24:40 Wheelbarrow
26:16 Bodkin Arrow
27:39 Forging
Connection lost

Rejoining the realm…

Still unreachable

The connection could not be restored.

Session expired

The server has moved on; the page needs a fresh start.